Map: Ulzaan

Players

OpuS - Winner!

  • Race: Protoss Protoss
  • League: Platinum
  • Spawn Location: 9:00

Sketchaphone - Winner!

  • Race: Zerg Zerg
  • League: Platinum
  • Spawn Location: 11:00

hatbeanie

  • Race: Protoss Protoss
  • Spawn Location: 1:00

Larggie

  • Race: Zerg Zerg
  • Spawn Location: 3:00

VOD

Have the link to the VOD?

Description

Time

  • Played on: Feb. 26, 2019, 8:47 p.m.
  • Length: 13:47
Show
View Real Time Build Order
Export as new Build Order

OpuS Protoss - Winner!

Build Orders: Oracle Opening 

Get SALT Encoding   

  12  0:01  Probe  
  13  0:13  Probe  
  14  0:22  Pylon  
  14  0:31  Probe  
  15  0:44  Gateway  
  15  0:48  Probe  
  15  0:53  Assimilator  
  15  0:56  Probe, Assimilator  
  17  1:08  Probe  
  17  1:09  Gateway  
  18  1:20  Probe  
  18  1:22  Pylon  
  19  1:40  Zealot  
  19  1:44  Cybernetics Core  
  21  1:49  Probe  
  22  1:57  Probe  
  22  2:04  Zealot  
  25  2:12  Zealot  
  27  2:28  Warp Gate  
  27  2:30  Probe  
  27  2:34  Stargate  
  28  2:38  Probe  
  29  2:50  Pylon  
  29  3:06  Nexus  
  29  3:13  Stalker, Oracle  
  35  3:27  Probe  
  33  3:42  Twilight Council  
  33  3:46  Stalker  
  35  3:56  Shield Battery  
  35  4:20  Stalker  
  37  4:25  Probe x2  
  39  4:41  Zealot  
  39  4:45  Dark Shrine  
  39  4:46  Gateway  
  39  4:50  Gateway  
  39  4:52  Zealot  
  39  4:59  Probe x2  
  41  5:12  Pylon  
  41  5:15  Pylon  
  41  5:20  Probe x2  
  43  5:22  Zealot  
  43  5:24  Charge  
  43  5:26  Zealot  
  47  5:36  Probe x2  
  49  5:45  Pylon  
  49  6:02  Probe x2  
  51  6:04  Pylon  
  51  6:06  Dark Templar  
  51  6:07  Dark Templar  
  51  6:08  Dark Templar  
  57  6:16  Void Ray  
  55  6:37  Stalker  
  54  6:44  Probe x2  
  56  6:51  Void Ray  
  56  6:56  Probe x2  
  56  7:14  Pylon  
  56  7:16  Shield Battery  
  56  7:29  Pylon  
  56  7:36  Zealot x3  
  56  7:37  Zealot  
  64  7:38  Probe x2  
  64  7:44  Void Ray  
  66  7:50  Probe x2  
  72  7:54  Assimilator  
  72  7:59  Assimilator  
  72  8:02  Probe  
  69  8:14  Dark Templar  
  69  8:15  Dark Templar  
  65  8:29  Stargate  
  65  8:33  Probe x2  
  66  8:35  Stargate  
  66  8:43  Nexus  
  66  8:44  Stalker  
  66  8:45  Stalker  
  70  8:54  Phoenix  
  72  8:59  Pylon  
  72  9:21  Phoenix x3  
  78  9:28  Probe x2  
  76  9:34  Fleet Beacon  
  72  9:38  Phoenix x2  
  72  9:40  Probe  
  51  9:50  Phoenix  
  55  9:56  Probe x2  
  55  9:58  Probe  
  60  10:08  Phoenix  
  44  10:31  Phoenix x2  
  45  10:48  Probe x3  
  46  10:52  Phoenix  
  46  10:57  Assimilator  
  48  11:00  Probe  
  48  11:01  Assimilator  
  48  11:02  Phoenix  
  48  11:03  Probe  
  52  11:04  Probe  
  53  11:12  Phoenix  
  55  11:21  Probe x2  
  55  11:22  Probe  
  58  11:28  Dark Templar  
  60  11:33  Probe x2, Anion Pulse-Crystals  
  60  11:34  Probe  
  63  11:46  Protoss Air Weapons Level 1  
  63  11:51  Probe  
  63  11:52  Probe  
  63  11:53  Probe  
  66  12:03  Probe  
  66  12:04  Probe  
  66  12:05  Probe  
  69  12:12  Phoenix  
  69  12:22  Phoenix x2  
  73  12:25  Probe x3  
  76  12:40  Phoenix  
  76  12:42  Probe x3  
  75  13:18  Phoenix  
  81  13:43  Dark Templar x2  
  81  13:44  Dark Templar  
Show
View Real Time Build Order
Export as new Build Order

Sketchaphone Zerg - Winner!

Build Orders: Hatch First 

Get SALT Encoding   

  12  0:01  Drone  
  13  0:12  Overlord  
  13  0:18  Drone  
  14  0:25  Drone, Extractor  
  15  0:33  Drone  
  16  0:40  Drone  
  17  0:57  Hatchery  
  17  1:02  Drone x2  
  18  1:07  Extractor  
  17  1:25  Spawning Pool  
  16  1:27  Drone  
  16  1:28  Drone  
  18  1:43  Drone  
  18  1:44  Overlord  
  19  1:51  Drone  
  20  2:00  Drone  
  21  2:11  Metabolic Boost  
  21  2:21  Zergling x6  
  21  2:22  Queen  
  26  2:27  Zergling x2  
  27  2:32  Baneling Nest  
  27  2:35  Zergling x4  
  28  2:42  Overlord  
  28  2:52  Zergling x2  
  29  3:03  Drone  
  30  3:06  Overlord  
  30  3:17  Lair  
  30  3:18  Drone x3  
  30  3:19  Drone  
  33  3:46  Drone x2  
  33  3:52  Drone x4, Extractor  
  33  3:53  Drone  
  34  4:00  Hatchery  
  33  4:15  Centrifical Hooks  
  33  4:18  Queen  
  35  4:29  Drone  
  35  4:30  Evolution Chamber, Drone x2  
  37  4:31  Evolution Chamber  
  37  4:32  Drone  
  37  4:37  Overlord  
  37  4:41  Zergling x2  
  37  4:42  Zergling x2  
  39  4:49  Spore Crawler  
  39  4:50  Spore Crawler  
  33  5:01  Baneling x2  
  33  5:02  Baneling x2  
  25  5:09  Drone x3  
  25  5:10  Zergling x2  
  25  5:12  Zergling x2  
  28  5:28  Drone x3  
  28  5:29  Drone  
  35  5:42  Drone x3  
  35  5:45  Drone  
  35  5:49  Drone  
  37  5:50  Drone  
  38  5:59  Spore Crawler  
  38  6:01  Spore Crawler  
  36  6:05  Drone x2  
  38  6:11  Spore Crawler  
  38  6:12  Drone  
  38  6:14  Drone  
  38  6:16  Drone  
  40  6:19  Drone  
  40  6:23  Overlord  
  41  6:28  Pneumatized Carapace  
  41  6:32  Drone x2  
  43  6:35  Drone  
  44  6:48  Zerg Melee Weapons Level 1  
  44  6:49  Zerg Ground Armor Level 1  
  44  6:53  Baneling x4  
  44  7:06  Zergling x10  
  44  7:07  Zergling x10  
  54  7:08  Drone  
  54  7:10  Drone  
  54  7:14  Drone x2  
  58  7:20  Drone  
  58  7:21  Drone x3  
  62  7:26  Queen  
  62  7:29  Overlord  
  64  7:47  Nydus Network  
  62  7:51  Baneling x2  
  62  7:52  Baneling x3  
  62  7:54  Baneling x3  
  62  7:55  Drone x2  
  62  7:57  Baneling x4  
  62  7:58  Extractor  
  62  8:21  Drone, Extractor  
  62  8:22  Drone x4  
  62  8:25  Zergling x28  
  80  8:33  Nydus Canal  
  80  8:41  Zergling x2  
  81  8:42  Overlord x2  
  69  9:15  Zergling x20  
  70  9:25  Drone, Extractor  
  70  9:26  Spore Crawler  
  70  9:27  Spore Crawler, Extractor  
  67  9:34  Infestation Pit  
  66  9:38  Spore Crawler  
  65  9:50  Baneling  
  65  9:51  Baneling x5  
  65  10:05  Zergling x12  
  65  10:06  Zergling x16  
  75  10:10  Queen  
  75  10:11  Drone  
  72  10:15  Hive  
  72  10:16  Pathogen Glands  
  67  10:28  Zergling x2  
  67  10:29  Zergling x8  
  70  10:44  Baneling x6  
  70  10:45  Baneling x2  
  70  10:47  Zergling x14  
  70  10:48  Overlord  
  76  10:53  Drone x2  
  67  11:21  Overlord  
  67  11:24  Overseer  
  67  11:26  Overlord x3  
  67  11:29  Drone x10  
  77  11:49  Zergling x2  
  78  11:56  Evolution Chamber  
  78  11:58  Hatchery  
  78  11:59  Adrenal Glands  
  76  12:01  Overlord, Ultralisk Cavern  
  76  12:02  Overlord  
  75  12:09  Zergling x12  
  75  12:10  Zergling x10, Baneling  
  75  12:11  Baneling  
  75  12:12  Baneling x7  
  75  12:13  Baneling  
  75  12:14  Baneling  
  75  12:15  Hatchery  
  85  12:34  Nydus Canal  
  85  12:44  Nydus Network  
  85  12:47  Zergling x2  
  85  12:48  Zergling x18  
  80  13:06  Zergling x10  
  80  13:12  Nydus Canal  
  85  13:26  Zergling x16  
  93  13:30  Zergling x2  
  93  13:33  Nydus Canal  
Show
View Real Time Build Order
Export as new Build Order

hatbeanie Protoss 

Build Orders: Oracle Opening 

Get SALT Encoding   

  12  0:01  Probe  
  13  0:13  Probe  
  14  0:18  Pylon  
  14  0:25  Probe  
  15  0:37  Gateway  
  15  0:47  Assimilator  
  15  0:51  Assimilator  
  15  0:52  Probe  
  16  1:04  Probe  
  17  1:16  Probe  
  18  1:28  Probe  
  19  1:36  Cybernetics Core  
  19  1:39  Pylon  
  19  1:40  Probe  
  20  1:48  Probe  
  21  1:55  Gateway  
  21  1:56  Probe  
  21  2:06  Probe  
  22  2:08  Warp Gate  
  22  2:16  Stargate  
  22  2:30  Probe  
  22  2:35  Pylon  
  23  3:00  Oracle  
  23  3:01  Adept  
  23  3:02  Adept  
  30  3:06  Twilight Council  
  30  3:16  Pylon  
  26  3:51  Oracle  
  28  3:57  Adept x2  
  32  4:09  Probe  
  33  4:23  Stalker x2  
  36  4:40  Phoenix  
  36  4:41  Probe  
  36  5:17  Phoenix  
  36  5:18  Probe  
  36  5:20  Stalker x2  
  43  5:26  Blink  
  43  5:30  Probe  
  43  5:33  Pylon  
  44  5:45  Phoenix  
  46  5:55  Stalker x2  
  50  5:59  Probe  
  48  6:33  Probe  
  48  6:39  Oracle  
  45  6:58  Stalker  
  47  7:05  Nexus  
  40  8:56  Nexus  
  20  10:04  Probe  
  21  10:29  Probe  
  21  10:30  Probe  
  23  10:41  Probe  
  14  10:43  Probe  
  15  11:19  Probe x2  
  17  11:44  Probe  
  17  11:45  Probe  
  17  11:52  Probe  
  17  11:53  Probe  
  21  12:02  Probe x2  
  23  12:14  Probe x2  
  25  12:26  Probe x2  
  27  12:38  Probe x2  
  29  12:50  Probe x2  
  24  13:15  Probe x2  
  24  13:26  Zealot x2  
Show
View Real Time Build Order
Export as new Build Order

Larggie Zerg 

Build Orders: Hatch First, Muta Ling Bane 

Get SALT Encoding   

  12  0:01  Drone  
  13  0:08  Drone  
  14  0:17  Overlord  
  14  0:36  Drone x3  
  17  0:54  Hatchery  
  17  0:57  Drone  
  17  1:02  Drone  
  18  1:10  Drone  
  19  1:20  Spawning Pool  
  19  1:21  Extractor  
  19  1:22  Drone  
  18  1:31  Drone  
  19  1:42  Extractor  
  19  1:46  Drone  
  20  1:54  Drone  
  20  2:03  Drone  
  21  2:09  Drone  
  21  2:10  Queen  
  21  2:11  Queen  
  21  2:14  Drone  
  27  2:18  Drone  
  28  2:26  Metabolic Boost  
  28  2:35  Overlord  
  28  2:40  Spine Crawler  
  27  2:45  Spine Crawler, Drone  
  27  2:50  Drone  
  28  2:55  Drone x2  
  30  3:00  Zergling x2  
  30  3:01  Zergling x2  
  32  3:07  Drone  
  32  3:09  Drone  
  34  3:20  Zergling x4  
  34  3:39  Zergling x2  
  35  3:52  Overlord x2  
  35  3:53  Lair  
  35  4:11  Zergling x2  
  35  4:12  Zergling x8  
  35  4:14  Zergling x6  
  35  4:15  Overlord x2  
  35  4:16  Overlord  
  43  4:20  Extractor x2  
  41  4:28  Drone x2  
  43  4:44  Drone  
  43  4:45  Drone x3  
  46  4:47  Drone x3  
  49  4:58  Drone  
  49  4:59  Drone  
  51  5:06  Drone  
  54  5:07  Drone x2  
  54  5:09  Drone x2  
  54  5:10  Zergling x2  
  57  5:14  Spire  
  56  5:47  Zergling x12  
  62  5:59  Overlord  
  62  6:01  Overlord x2  
  62  6:03  Zergling x8  
  66  6:15  Hatchery  
  65  6:19  Overlord x2  
  65  6:28  Mutalisk  
  65  6:29  Mutalisk x5  
  77  6:37  Overseer  
  77  6:38  Overseer  
  76  7:10  Mutalisk  
  76  7:11  Mutalisk x7  
  92  7:19  Evolution Chamber  
  91  7:34  Drone x2  
  93  7:44  Zergling x2  
  93  7:45  Zergling x16  
  93  7:48  Baneling Nest  
  101  8:11  Drone  
  101  8:12  Drone x4  
  106  8:15  Drone x3  
  106  8:18  Queen  
  111  8:21  Zergling x2  
  111  8:22  Zergling x2  
  113  8:42  Centrifical Hooks  
  113  8:47  Overlord x6  
  77  9:19  Queen  
  77  9:20  Drone x4  
  74  9:42  Drone  
  74  9:43  Drone x2  
  74  9:44  Zergling x2  
  74  9:45  Zergling x20  
  85  9:52  Mutalisk x4  
  80  10:15  Mutalisk x5  
  90  10:22  Drone x2  
  90  10:23  Drone  
  62  10:45  Drone  
  62  10:46  Drone x5  
  62  10:49  Hydralisk Den  
  55  10:54  Queen, Drone x2  
  55  11:03  Hatchery  
  46  11:12  Drone  
  46  11:15  Drone x2  
  46  11:16  Drone x2  
  46  11:18  Drone  
  52  11:19  Drone  
  52  11:23  Grooved Spines  
  53  11:28  Hatchery  
  53  11:29  Queen  
  54  11:45  Hydralisk x2  
  58  11:48  Hydralisk x3  
  58  11:51  Hydralisk  
  58  11:52  Hydralisk x2  
  58  11:53  Hydralisk  
  72  12:22  Hydralisk x5  
  72  12:24  Hydralisk  
  82  12:31  Drone x2  
  82  12:34  Muscular Augments  
  60  13:11  Drone x3  
  53  13:13  Hydralisk x7  
  53  13:15  Hydralisk  
  65  13:21  Drone x2  
  65  13:22  Drone  
Tags
 
Add a new tag
Caveats
  • Supply blocks, unpowered buildings, or Contaminate may cause inaccurate times.
  • Supply counts are checked every 10 seconds.